 Dungeon Crawl Stone Soup version 0.27-a0-1200-g94dc6ad4cf (webtiles) character file.

Game seed: 4600826476344140273

10 polve the Skirmisher (level 2, -1/24 HPs)
             Began as a Demonspawn Abyssal Knight on May 30, 2021.
             Was an Initiate of Lugonu.
             Slain by a hobgoblin (3 damage)
             ... on level 1 of the Dungeon.
             The game lasted 00:00:23 (513 turns).

polve the Skirmisher (Demonspawn Abyssal Knight)     Turns: 513, Time: 00:00:23

Health: -1/24      AC:  3    Str: 12    XL:     2   Next: 10%
Magic:  3/3        EV: 11    Int: 13    God:    Lugonu [......]
Gold:   17         SH:  0    Dex: 12    Spells: 1/1 levels left

rFire    . . .     SeeInvis .   a - +1 short sword
rCold    . . .     Faith    .   (no shield)
rNeg     . . .     Spirit   .   b - +0 leather armour
rPois    .         Reflect  .   (no helmet)
rElec    .         Harm     .   (no cloak)
rCorr    .         Rampage  .   (no gloves)
Will     .....                  (no boots)
Stlth    +.........             (no amulet)
HPRegen  0.08/turn              (no ring)
MPRegen  0.08/turn              (no ring)

@: no status effects
A: powered by pain 1
a: Renounce Religion


You were on level 1 of the Dungeon.
You worshipped Lugonu.
Lugonu was noncommittal.
You visited 1 branch of the dungeon, and saw 1 of its levels.
You visited the Abyss 1 time.

You collected 17 gold pieces.

Inventory:

Hand Weapons
 a - a +1 short sword (weapon)
Armour
 b - a +0 leather armour (worn)
Scrolls
 c - a scroll of fear {unknown}


   Skills:
 - Level 3.0 Fighting
 + Level 2.5 Short Blades
 - Level 1.7 Armour
 - Level 0.8 Dodging
 - Level 2.4 Invocations


You had one spell level left.
You didn't know any spells.
Your spell library was empty.

Dungeon Overview and Level Annotations

Branches:
Dungeon (1/15)

Altars:


Innate Abilities, Weirdness & Mutations

You sometimes gain a little power by taking damage.


Message History

The hobgoblin barely misses you. The hobgoblin barely misses you.
The hobgoblin hits you. The hobgoblin barely misses you.
The hobgoblin hits you. The hobgoblin hits you. The hobgoblin misses you.
The hobgoblin hits you. The hobgoblin barely misses you.
The hobgoblin hits you but does no damage.
The hobgoblin hits you but does no damage.
The hobgoblin hits you. The hobgoblin barely misses you.
The hobgoblin hits you but does no damage.
The hobgoblin barely misses you. The hobgoblin hits you.
The hobgoblin misses you. The hobgoblin hits you.
* * * LOW HITPOINT WARNING * * *
The hobgoblin hits you.
* * * LOW HITPOINT WARNING * * *
The hobgoblin closely misses you.
The hobgoblin hits you but does no damage.
The hobgoblin hits you.
* * * LOW HITPOINT WARNING * * *
The hobgoblin closely misses you. The hobgoblin barely misses you.
The hobgoblin hits you.
* * * LOW HITPOINT WARNING * * *
The hobgoblin closely misses you. The hobgoblin closely misses you.
The hobgoblin closely misses you. The hobgoblin completely misses you.
The hobgoblin barely misses you. The hobgoblin barely misses you.
The hobgoblin completely misses you. The hobgoblin closely misses you.
The hobgoblin barely misses you. The hobgoblin hits you.
You die...

#8.#..#........
#..#...........
#.8#.##........
.
##..#.#######...
..
#...............
..#
#.##.#.####### .
.. #.##...#
#.##.####.#8
#.g@........
####.####.#8#
#.......†....###
#######.#####.#
... #.. #...
#... #....


You could see a hobgoblin.

Vanquished Creatures
  A dart slug (D:1)
  2 jackals (D:1)
  A kobold (D:1)
  2 ball pythons (D:1)
  A bat (D:1)
  A frilled lizard (D:1)
8 creatures vanquished.

Notes
Turn   | Place    | Note
-------+----------+-------------------------------------------
     0 | Abyss:1  | polve the Demonspawn Abyssal Knight began the quest for the
                  | Orb.
     0 | Abyss:1  | Reached XP level 1. HP: 18/18 MP: 2/2
    31 | Abyss:1  | Noticed a will-o-the-wisp
    33 | D:1      | Escaped the Abyss
   189 | D:1      | Reached * piety under Lugonu
   190 | D:1      | Gained mutation: You sometimes gain a little power by
                  | taking damage. [demonic ancestry]
   190 | D:1      | Reached XP level 2. HP: 3/24 MP: 3/3
   503 | D:1      | HP: 1/24 [hobgoblin (2)]
   513 | D:1      | Slain by a hobgoblin

Illustrated notes

Levels and vault maps discovered:
D:1:      minmay_arrival_checkered_box, layout_basic,
          ebering_ecumenical_altar_abandoned, chequers_decorated_corner,
          amcnicky_mini_corridor_feature, chequers_serial_rivers_room_b

Skill      XL: |  1 |
---------------+----+-----
Short Blades   | 2 |  2.5
Fighting       | |  3.0
Armour         | |  1.7
Dodging        | |  0.8
Invocations    | |  2.4

Action                   || total
-------------------------++-------
Melee: Short sword       ||    35
Invok: Depart the Abyss  ||     1
Armor: Leather armour    ||    13
Dodge: Dodged            ||    46

Table legend: (Time is in decaauts)
 A = Elapsed time spent in this place.
 B = Non-inter-level travel time spent in this place.
 C = Inter-level travel time spent in this place.
 D = Time resting spent in this place.
 E = Time spent auto-exploring this place.
 F = Levels seen in this place.
 G = Mean time per level.
                   A        B        C        D        E       F      G
               +--------+--------+--------+--------+--------+-----+--------+
         Total |    512 |    512 |      0 |      0 |    411 |   2 |  256.0 |
       Dungeon |    479 |    479 |      0 |      0 |    380 |   1 |  479.0 |
         Abyss |     33 |     33 |      0 |      0 |     31 |   1 |   33.0 |
               +--------+--------+--------+--------+--------+-----+--------+

Top non-repeatable levels by time:
     D:1: 479 daAuts
 Abyss:1: 33 daAuts
